Match 45989868
Unlisted

Match 45989868
End
Royal Engineer Section
Selects Heavy Armor Battlegroup
Vickers Machine Gun Team
Construct Section Command Post
Infantry Section
Infantry Section
Construct Platoon Command Post
Construct Field Infirmary
6-pounder Anti-tank Gun Team
Unlock M3 Stuart Light Tanks
M3 Stuart Light Tank
Selects Rigorous Vehicle Training
Selects Light Vehicle Withdraw and Refit
Selects Radio Net
Infantry Section
M3 Stuart Light Tank
Infantry Training
Selects Designate Targets
Designate Targets
Construct Company Command Post
Designate Targets
Grenade Package
Selects Forward Repair Assembly
Selects UNKNOWN (2162094)
Designate Targets
Churchill IV Heavy Tank
Designate Targets
Foot Guards Section
Churchill IV Heavy Tank
Designate Targets
Designate Targets
6-pounder Anti-tank Gun Team
Designate Targets
Designate Targets
Churchill IV Heavy Tank
Designate Targets
Unlock Towed 17-pounder Anti-tank Guns
Designate Targets
Churchill IV Heavy Tank
Designate Targets
Designate Targets
17-pounder Anti-tank Gun Team
Armored Vehicle Training
Designate Targets
17-pounder Anti-tank Gun Team
Royal Engineer Section
Royal Engineer Section
Designate Targets
6-pounder Anti-tank Gun Team
6-pounder Anti-tank Gun Team
6-pounder Anti-tank Gun Team
Designate Targets
Foot Guards Section
M3 Stuart Light Tank
Infantry Section
Designate Targets
Protez
BaronVonKieselberg
JoSemSem
CHOcho
十_Fck
-=Thrawn=-
Nuclear_cucumber
渴了就嘬阿罗娜
0
0

Comments sign in to comment!

No comments posted yet!